 Dungeon Crawl Stone Soup version 0.21-a0-157-gb89e0e2 (webtiles) character file.

3 Goblin1989 the Sneak (level 1, 0/17 HPs)
             Began as a Demonspawn Assassin on Aug 4, 2017.
             Killed from afar by a dart slug (7 damage)
             ... with a slug dart
             ... on level 1 of the Dungeon.
             The game lasted 00:00:42 (129 turns).

Goblin1989 the Sneak (Demonspawn Assassin)           Turns: 129, Time: 00:00:43

Health: 0/17       AC:  3    Str: 11    XL:     1   Next: 41%
Magic:  1/1        EV: 11    Int: 12    God:
Gold:   0          SH:  0    Dex: 14    Spells: 0/0 levels left

rFire    . . .     SeeInvis .   a - +2 dagger
rCold    . . .     Gourm    .   (no shield)
rNeg     . . .     Faith    .   c - +0 robe
rPois    .         Spirit   .   (no helmet)
rElec    .         Reflect  .   d - +0 cloak
rCorr    .         Harm     .   (no gloves)
MR       .....                  (no boots)
Stlth    ++........             (no amulet)
HPRegen  0.05/turn              (no ring)
MPRegen  0.07/turn              (no ring)

@: no status effects
A: no striking features
a: no special abilities


You were on level 1 of the Dungeon.
You were not hungry.

You visited 1 branch of the dungeon, and saw 1 of its levels.

Inventory:

Hand Weapons
 a - a +2 dagger (weapon)
 w - a +0 blowgun {@w1}
Missiles
 f - 2 curare-tipped needles
 g - 8 poisoned needles
 y - 13 arrows
Armour
 c - a +0 robe (worn)
 d - a +0 cloak (worn)
Scrolls
 x - a scroll of teleportation {unknown}
 z - a scroll of remove curse {unknown}
Comestibles
 e - a bread ration {@e1}


   Skills:
 + Level 2.3 Fighting
 - Level 1.7 Short Blades
 - Level 1.7 Throwing
 - Level 0.8 Dodging
 - Level 3.6 Stealth


You couldn't memorise any spells.
You didn't know any spells.

Dungeon Overview and Level Annotations

Branches:
Dungeon (1/15)

Altars:


Message History

You open the door.
There is an open door here.
You see here 13 arrows.
You open the door.
There is an open door here.
x - a scroll labeled DYWIEF QEAMUY
There is an open door here.
You see here 13 arrows.
y - 13 arrows
There is an open door here.
z - a scroll labeled OTIBEF LASCH A giant cockroach and a dart slug come into view.
Found a stone staircase leading down.
A giant cockroach comes into view.
The helpless giant cockroach fails to defend itself.
You impale the giant cockroach!!
You kill the giant cockroach!
A goblin comes into view. It is wielding a club.
The goblin shouts!
The goblin moves out of view.
There is a stone staircase leading down here.
You hit the dart slug.
The dart slug is moderately wounded.
The dart slug launches a dart at you. The slug dart hits you!
The dart slug launches a dart at you. The slug dart misses you.
The giant cockroach barely misses you. The giant cockroach bites you.
You take 1 damage, and have 15/16 hp.
The giant cockroach bites you but does no damage.
You hit the giant cockroach.
The giant cockroach is moderately wounded.
The giant cockroach bites you but does no damage.
You barely miss the giant cockroach.
The giant cockroach is moderately wounded.
The giant cockroach bites you.
You take 2 damage, and have 13/16 hp.
You hit the giant cockroach.
The giant cockroach is severely wounded.
The giant cockroach closely misses you.
You hit the giant cockroach but do no damage.
The giant cockroach is severely wounded.
The giant cockroach bites you.
You take 1 damage, and have 13/16 hp.
You hit the giant cockroach but do no damage.
The giant cockroach is severely wounded.
The giant cockroach bites you but does no damage.
You hit the giant cockroach but do no damage.
The giant cockroach is severely wounded.
The giant cockroach closely misses you.
You hit the giant cockroach but do no damage.
The giant cockroach is severely wounded.
The giant cockroach bites you.
You take 2 damage, and have 11/16 hp.
You hit the giant cockroach but do no damage.
The giant cockroach is severely wounded.
The giant cockroach misses you.
You hit the giant cockroach.
You kill the giant cockroach!
You closely miss the goblin. The goblin hits you with a club.
You take 2 damage, and have 9/16 hp.
You are too injured to fight recklessly!
You are too injured to fight recklessly!
You are too injured to fight recklessly!
You are too injured to fight recklessly!
You are too injured to fight recklessly!
You are too injured to fight recklessly!
You are too injured to fight recklessly!
You are too injured to fight recklessly!
You are too injured to fight recklessly!
You are too injured to fight recklessly!
You are too injured to fight recklessly!
You are too injured to fight recklessly!
You are too injured to fight recklessly!
You are too injured to fight recklessly!
You are too injured to fight recklessly!
You are too injured to fight recklessly!
You are too injured to fight recklessly!
You are too injured to fight recklessly!
You are too injured to fight recklessly!
You are too injured to fight recklessly!
You are too injured to fight recklessly!
You are too injured to fight recklessly!
You are too injured to fight recklessly!
You are too injured to fight recklessly!
You are too injured to fight recklessly!
You are too injured to fight recklessly!
You are too injured to fight recklessly!
You are too injured to fight recklessly!
You hit the goblin.
The goblin is severely wounded.
The goblin hits you with a club.
* * * LOW HITPOINT WARNING * * *
You take 2 damage, and have 7/16 hp.
You hit the goblin.
You kill the goblin!
The dart slug launches a dart at you. The slug dart hits you!
You die...

█ .. █.█████████.█ █.█.█.█.█....
█...†.?......
███████████████████████.█.█.█....
...............................█.
..............███████.█.█.█.█?...
∆█████..........@)w........>....█
.████████.....█████████.█.█.██..█
....███ ██....█ █.......█ █
......██ ██...█ ██.█.█.██
███....██ █...█ █........
█████...█ █...█ █.█.█.█.██.
....██..████.██ █........█ █
.≈≈§.█...█ .█ █.█.█.█.██
..≈≈.██..█


You could see a dart slug.

Vanquished Creatures
  2 giant cockroaches (D:1)
  A goblin (D:1)
3 creatures vanquished.

Notes
Turn   | Place    | Note
-------+----------+-------------------------------------------
     0 | D:1      | Goblin1989 the Demonspawn Assassin began the quest for the Orb.
     0 | D:1      | Reached XP level 1. HP: 16/16 MP: 1/1
   129 | D:1      | Killed from afar by a dart slug

Vault maps used:
D:1:      dpeg_arrival_concentric_ovals, st_stairs_12, grunt_decor_fettered

Action                   || total
-------------------------++-------
Melee: Dagger            ||    14
 Stab: Sleeping          ||     1
Armor: Robe              ||     4
Dodge: Dodged            ||     5

Vault maps used:
D:1:      dpeg_arrival_concentric_ovals, st_stairs_12, grunt_decor_fettered
